Map: Miner Evacuation

Players

ZPR

  • Race: Zerg Zerg
  • League: Master
  • Spawn Location: 7:00

Meursault

  • Race: Terran Terran
  • Spawn Location: 7:00

VOD

Have the link to the VOD?

Description

Time

  • Played on: Sept. 17, 2017, 3:40 p.m.
  • Length: 20:42
Show
View Real Time Build Order
Export as new Build Order

ZPR Zerg 

Build Orders:  

Get SALT Encoding   

  12  0:03  Drone  
  13  0:18  Overlord  
  13  0:26  Drone  
  14  0:43  Drone  
  14  0:44  Drone  
  14  0:47  Drone  
  17  1:02  Drone  
  18  1:11  Spawning Pool  
  18  1:18  Drone  
  18  1:31  Drone  
  18  1:34  Extractor  
  18  1:37  Extractor  
  17  1:42  Queen  
  17  1:48  Drone  
  20  2:00  Evolution Chamber  
  20  2:03  Drone  
  20  2:17  Drone  
  21  2:34  Overlord  
  21  2:43  Heroic Fortitude  
  21  2:48  Drone  
  22  2:50  Lair  
  22  3:03  Drone  
  23  3:13  Zerg Missile Weapons Level 1  
  23  3:17  Drone x2  
  23  3:18  Drone  
  26  3:21  Drone  
  26  3:26  Drone  
  28  3:44  Drone  
  29  3:55  Nydus Network  
  29  3:56  Overlord  
  28  4:05  Drone  
  28  4:06  Drone  
  30  4:35  Drone x3  
  30  4:36  Drone x2  
  35  4:48  Omega Worm  
  35  5:02  Hatchery  
  34  5:12  Drone x4  
  34  5:14  Overlord  
  38  5:30  Overlord  
  38  5:33  Chain Reaction  
  38  5:36  Hydralisk Den  
  37  5:47  Drone x2  
  39  5:52  Omega Worm  
  39  6:07  Drone  
  39  6:08  Drone, Extractor  
  39  6:09  Hive, Extractor  
  39  6:17  Zerg Missile Weapons Level 2  
  39  6:38  Drone x2  
  39  6:39  Drone  
  42  6:53  Omega Worm  
  42  7:02  Drone  
  42  7:04  Drone x7  
  50  7:35  Drone x3  
  50  7:37  Queen  
  50  7:38  Seismic Spines  
  55  7:42  Hardened Carapace  
  55  7:49  Overlord x2  
  55  7:52  Ability Efficiency  
  55  8:09  Overlord  
  55  8:10  Overlord  
  55  8:12  Metabolic Boost  
  55  8:32  Nydus Network  
  55  8:38  Ancillary Carapace  
  66  8:42  Zergling x4  
  66  8:44  Hydralisk  
  66  8:45  Hydralisk x5  
  76  9:01  Hydralisk  
  76  9:02  Hydralisk x3  
  82  9:40  Muscular Augments  
  82  9:45  Hydralisk x3  
  82  9:49  Omega Worm  
  82  9:51  Zergling x6  
  82  9:52  Zergling x14  
  82  9:54  Overlord, Zergling  
  82  9:55  Overlord x2  
  82  9:56  Zergling  
  92  10:00  Zergling x2  
  92  10:01  Pneumatized Carapace  
  92  10:02  Overseer  
  92  10:14  Overlord, Hydralisk  
  92  10:15  Hydralisk x4  
  92  10:21  Hydralisk x4  
  92  10:23  Lurker  
  92  10:24  Lurker x4  
  92  10:25  Omega Worm  
  93  10:30  Lurker x4  
  93  10:35  Zergling x12  
  93  10:36  Zergling x8  
  93  10:39  Zerg Missile Weapons Level 3  
  104  10:55  Zergling x4  
  110  11:00  Hydralisk x2  
  110  11:01  Overseer  
  110  11:02  Overseer  
  114  11:24  Hydralisk x5  
  114  11:25  Zergling x12  
  114  11:26  Zergling x2  
  121  11:37  Frenzy  
  121  11:39  Adrenal Overload  
  123  11:40  Hydralisk  
  123  11:48  Zergling x2  
  124  11:50  Overlord x2  
  124  12:08  Shredding Claws  
  124  12:10  Omega Worm  
  124  12:11  Zergling x6  
  124  12:12  Zergling  
  124  12:14  Overseer, Zergling x2  
  124  12:16  Zergling x4  
  124  12:18  Zergling x3  
  124  12:19  Zergling x2  
  136  12:20  Zergling x3  
  136  12:21  Zergling x2  
  136  12:23  Hydralisk x6, Zergling x2  
  136  12:24  Zergling x2  
  136  12:27  Omega Worm, Lurker x3  
  136  12:28  Lurker x3  
  136  12:29  Zerg Ground Armor Level 1  
  136  12:39  Zergling x4  
  77  12:40  Overlord x2, Hydralisk x2, Zergling x13  
  140  12:41  Zergling x2  
  140  12:42  Zergling x10  
  140  12:43  Zergling x5  
  140  12:44  Zergling x8  
  140  12:48  Zergling x3  
  140  12:49  Zergling x6  
  138  12:50  Zergling x6  
  138  12:51  Zergling x13  
  138  12:52  Zergling x11  
  138  12:53  Hydralisk x3, Zergling x4  
  138  12:54  Zergling x7  
  138  12:55  Zergling x8  
  138  12:56  Zergling x7  
  138  12:57  Zergling x2  
  138  12:58  Zergling x2  
  138  12:59  Zergling  
  139  13:00  Hydralisk  
  139  13:01  Zergling x4  
  139  13:02  Zergling x5  
  139  13:03  Overlord x2, Zergling x9  
  139  13:04  Zergling x5  
  139  13:05  Zergling x6  
  139  13:06  Zergling x3  
  139  13:07  Zergling x11  
  139  13:08  Zergling x7  
  139  13:09  Zergling x3  
  139  13:16  Omega Worm  
  132  13:22  Hydralisk x3  
  129  13:31  Lurker x3, Zergling  
  129  13:32  Zergling x5  
  129  13:33  Zergling x2  
  129  13:34  Zergling x20  
  141  13:46  Hydralisk x2  
  141  13:50  Zergling x8  
  141  13:51  Zergling x2  
  141  13:53  Zergling  
  141  13:54  Zergling x7  
  141  13:55  Hydralisk x2, Lurker x2, Zergling  
  141  13:56  Hydralisk x3, Zergling x4  
  141  13:57  Zergling x5  
  141  13:58  Zergling  
  141  13:59  Zergling  
  85  14:00  Hydralisk, Zergling x2  
  149  14:01  Zergling x8  
  149  14:02  Zergling  
  149  14:03  Zergling x8  
  149  14:04  Zergling x9  
  149  14:05  Zergling x5  
  149  14:06  Zergling x6  
  149  14:07  Zergling x6  
  149  14:08  Zergling x6  
  149  14:09  Lurker, Zergling x3  
  155  14:10  Zergling x6  
  155  14:11  Zergling x6  
  155  14:12  Zergling  
  155  14:13  Zergling x2  
  155  14:14  Zergling x3  
  159  14:22  Hydralisk x2  
  159  14:26  Zergling x2  
  159  14:31  Omega Worm  
  159  14:32  Omega Worm  
  159  14:33  Hydralisk x2  
  153  14:42  Zergling x2  
  153  14:43  Zergling x14  
  160  15:00  Hydralisk x2, Zergling x14  
  160  15:01  Zergling x2  
  160  15:02  Zergling x4  
  160  15:03  Zergling x8  
  160  15:04  Zergling x13  
  160  15:05  Zergling x12  
  160  15:06  Hydralisk, Zergling x15  
  160  15:07  Hydralisk, Zergling x6  
  160  15:08  Zergling x10  
  160  15:09  Zergling x2  
  150  15:10  Zergling x3  
  150  15:11  Zergling x5  
  150  15:12  Zergling x3  
  135  15:31  Lurker x8  
  135  15:39  Hydralisk x2  
  124  15:40  Hydralisk x5  
  124  15:47  Zergling x2  
  124  15:48  Zergling x12  
  129  16:03  Omega Worm  
  129  16:04  Hydralisk  
  129  16:05  Hydralisk  
  129  16:14  Zergling x13  
  129  16:15  Zergling  
  129  16:17  Zergling  
  123  16:29  Hydralisk x3  
  131  16:30  Hydralisk  
  131  16:32  Overseer x2  
  135  16:41  Hydralisk x3  
  135  16:43  Lurker x3  
  135  16:44  Lurker x3  
  128  16:57  Hydralisk x3  
  128  16:58  Hydralisk  
  136  17:02  Hydralisk x27  
  136  17:08  Hydralisk  
  136  17:09  Hydralisk  
  142  17:14  Hydralisk  
  135  17:29  Omega Worm  
  139  17:34  Hydralisk x2  
  133  17:49  Lurker x3  
  108  17:50  Lurker x3  
  123  17:51  Hydralisk  
  123  17:52  Hydralisk x2  
  123  17:57  Omega Worm  
  123  18:00  Lurker  
  123  18:01  Lurker x2  
  123  18:06  Zergling x10  
  123  18:07  Zergling x18  
  123  18:09  Zergling x2  
  140  18:10  Zergling x15  
  140  18:11  Zergling  
  140  18:12  Zergling x2  
  140  18:13  Zergling x16  
  140  18:14  Zergling x2  
  140  18:16  Zergling  
  140  18:17  Zergling x4  
  140  18:18  Zergling x8  
  140  18:19  Zergling x3  
  140  18:20  Zergling  
  140  18:21  Zergling x4  
  140  18:22  Zergling x6  
  140  18:23  Zergling x18  
  140  18:24  Zergling x2  
  140  18:26  Zergling x12  
  140  18:27  Zergling  
  138  18:31  Omega Worm  
  138  18:37  Overlord x3  
  138  18:39  Zergling x4  
  134  18:40  Zergling  
  134  18:42  Zergling x2  
  134  18:44  Zergling x7  
  134  18:45  Zergling x7  
  134  18:46  Zergling x6  
  134  18:47  Zergling x15  
  134  18:48  Zergling  
  134  18:52  Overlord x2  
  104  19:27  Omega Worm  
  100  19:30  Hydralisk x2  
  96  19:43  Hydralisk  
  104  19:53  Hydralisk  
  104  19:54  Hydralisk x3  
  102  20:07  Hydralisk  
Show
View Real Time Build Order
Export as new Build Order

Meursault Terran 

Build Orders:  

Get SALT Encoding   

Tags
 
Add a new tag
Caveats
  • Supply blocks, unpowered buildings, or Contaminate may cause inaccurate times.
  • Supply counts are checked every 10 seconds.